 Dungeon Crawl Stone Soup version 0.24.1 (webtiles) character file.

Game seed: 13677575541936940674, levelgen mode: deterministic

0 Destapler the Ducker (level 1, 0/11 HPs)
             Began as a Spriggan Abyssal Knight on Apr 3, 2020.
             Was a Follower of Lugonu.
             Slain by a starspawn tentacle (3 damage)
             ... attached to a tentacled starspawn
             ... while paralysed by an orc sorcerer
             ... on level 2 of the Abyss.
             The game lasted 00:01:14 (73 turns).

Destapler the Ducker (Spriggan Abyssal Knight)        Turns: 73, Time: 00:01:15

Health: 0/11       AC:  2    Str:  8    XL:     1   Next: 0%
Magic:  3/3        EV:  1    Int: 13    God:    Lugonu [*.....]
Gold:   48         SH:  0    Dex: 15    Spells: 0/0 levels left

rFire    . . .     SeeInvis +   a - +1 short sword
rCold    . . .     Gourm    .   (shield restricted)
rNeg     . . .     Faith    .   b - +0 robe
rPois    .         Spirit   .   (helmet restricted)
rElec    .         Reflect  .   (no cloak)
rCorr    .         Harm     .   (gloves unavailable)
MR       .....                  (boots unavailable)
Stlth    +.........             (no amulet)
HPRegen  0.03/turn              (no ring)
MPRegen  0.08/turn              (no ring)

@: paralysed, constricted, very quick
A: very small, unfitting armour, see invisible, herbivore, speed 3, slow
metabolism 2
a: Depart the Abyss, Renounce Religion


You were on level 2 of the Abyss.
You worshipped Lugonu.
Lugonu was aware of your devotion.
You were not hungry.

You visited 0 branches of the dungeon, and saw 0 of its levels.
You visited the Abyss 1 time.

You collected 48 gold pieces.

Inventory:

Hand Weapons
 a - a +1 short sword (weapon)
Armour
 b - a +0 robe (worn)
Wands
 d - a wand of acid (5)
Scrolls
 e - a scroll of identify {unknown}
Comestibles
 c - 2 rations


   Skills:
 - Level 2.4 Fighting
 + Level 2.1 Short Blades
 + Level 3.5 Dodging
 + Level 0.0 Stealth
 + Level 1.7 Invocations


You couldn't memorise any spells.
You didn't know any spells.
Your spell library was empty.

Dungeon Overview and Level Annotations

Branches:
Dungeon (0/15)

Altars:


Innate Abilities, Weirdness & Mutations

You are very small and have problems with some larger weapons.
You are too small for most types of armour.
You have supernaturally acute eyesight. (SInv)
You are a herbivore.
You cover ground extremely quickly.
You need to consume almost no food.


Message History

A tentacled starspawn comes into view.
Tentacles burst from the starspawn's body! 2 starspawn tentacles come into view.
The starspawn tentacle grabs you. The starspawn tentacle constricts you.
The starspawn tentacle's grasp on you weakens, but your attempt to escape fails.
The starspawn tentacle loses its grip on you.
The tentacle pulls you backwards! The starspawn tentacle misses you.
The orc sorcerer shouts!
A tentacle flies out from the starspawn's body!
A starspawn tentacle comes into view.
The starspawn tentacle grabs you. The starspawn tentacle constricts you.
You escape the starspawn tentacle's grasp.
The orc sorcerer points at you and mumbles some strange words.
You suddenly lose the ability to move!
The starspawn tentacle grabs you.
* * * LOW HITPOINT WARNING * * *
The starspawn tentacle constricts you.
The starspawn tentacle loses its grip on you.
The tentacle pulls you backwards! The starspawn tentacle grabs you.
You die...

. .## ... .# ... .
.............. ... .. ..
............... . . .# #
................. ......
.## ..... ...............
.... ...
......................
#....
#.....#.....#.....#.# ..
##...#
#...###─w.###...#### #....
#.....#/..@.#.....# #
..... .....X─....∩.......
... ..
.......................
..... .......o............
#..../#.....#.....#.....#.
##... ##...###...###...##
#... #.....#.....# ....# .
.................. .... ..
. .....§..............


You could see a tentacled starspawn, an orc sorcerer and a starspawn tentacle.

Vanquished Creatures (others)
  2 starspawn tentacles (Abyss:2)
2 creatures vanquished.

Notes
Turn   | Place    | Note
-------+----------+-------------------------------------------
     0 | Abyss:1  | Destapler the Spriggan Abyssal Knight began the quest for
                  | the Orb.
     0 | Abyss:1  | Reached XP level 1. HP: 11/11 MP: 3/3
    58 | Abyss:2  | Noticed a tentacled starspawn
    63 | Abyss:2  | Noticed an orc sorcerer
    71 | Abyss:2  | Paralysed by an orc sorcerer for 7 turns
    73 | Abyss:2  | Slain by a starspawn tentacle

Levels and vault maps discovered:
Abyss:2

Action                   || total
-------------------------++-------
Dodge: Dodged            ||     1
